 Dungeon Crawl Stone Soup version 0.23.1 (webtiles) character file.

Game seed: 16485759982825637294

5021 Kairos the Covert (level 10, 0/51 HPs)
             Began as a Vine Stalker Assassin on Mar 10, 2019.
             Was a Believer of Uskayaw.
             Slain by a troll (6 damage)
             ... on level 9 of the Dungeon.
             The game lasted 00:12:20 (8009 turns).

Kairos the Covert (Vine Stalker Assassin)           Turns: 8009, Time: 00:12:21

Health: 0/51       AC:  8    Str: 18    XL:     10   Next: 55%
Magic:  0/11       EV: 12    Int: 11    God:    Uskayaw [**....]
Gold:   382        SH: 14    Dex: 22    Spells: 8/9 levels left

rFire    . . .     SeeInvis .   u - +10 long sword "Kenapout" {pain, +Fly rN+ Str+4}
rCold    . . .     Gourm    .   C - +0 shield
rNeg     + . .     Faith    .   D - +3 leather armour
rPois    .         Spirit   +   (helmet restricted)
rElec    .         Reflect  .   d - +0 cloak
rCorr    .         Harm     .   y - +0 pair of fencer's gloves {Riposte Dex+3}
MR       +....                  (no boots)
Stlth    +++++.....             (no amulet)
HPRegen  0.57/turn              (no ring)
MPRegen  0.12/turn              (no ring)

@: no status effects
A: antennae 1, fangs 3, large bone plates 1, regeneration 1, magic shield,
antimagic bite, no potion heal 3, rot immunity, subdued magic 1, MP-powered
wands
a: Stomp, Line Pass, Renounce Religion, Evoke Flight


You were on level 9 of the Dungeon.
You worshipped Uskayaw.
Uskayaw was noncommittal.
You were not hungry.

You visited 2 branches of the dungeon, and saw 10 of its levels.

You collected 382 gold pieces.

Inventory:

Hand Weapons
 a - a +2 dagger
 b - a +0 blowgun
 h - a +3 vampiric dagger
 q - a cursed +3 short sword of freezing
 u - the +10 long sword "Kenapout" (weapon) {pain, +Fly rN+ Str+4}
   (You found it on level 4 of the Dungeon)

   In the hands of one skilled in necromantic magic, it inflicts extra damage on
   living creatures.
   It affects your strength (+4).
   It protects you from negative energy.
   It lets you fly.
 L - a cursed +2 scimitar of freezing
Missiles
 e - 45 poisoned needles
 f - 2 curare-tipped needles
Armour
 c - a +2 ring mail of cold resistance
 d - a +0 cloak (worn)
 y - the +0 pair of fencer's gloves (worn) {Riposte Dex+3}
   (You found it on level 5 of the Dungeon)

   It affects your dexterity (+3).
 C - a +0 shield (worn)
 D - a +3 leather armour (worn)
Magical Staves
 G - an uncursed staff of fire
 H - an uncursed staff of wizardry
Wands
 s - a wand of random effects (31)
 v - a wand of scattershot (11)
 I - a wand of acid (11)
 J - a wand of paralysis (9)
Scrolls
 j - 5 scrolls of teleportation
 l - a scroll of noise {unknown}
 n - 4 scrolls of enchant armour
 o - a scroll of holy word
 r - 5 scrolls of fog
 t - a scroll of fear {unknown}
 w - 6 scrolls of remove curse
 x - 2 scrolls of magic mapping {unknown}
 F - a scroll of acquirement {unknown}
 M - a scroll of random uselessness {unknown}
 N - 2 scrolls of amnesia {unknown}
Potions
 i - a potion of resistance {unknown}
 k - a potion of cancellation {unknown}
 m - a potion of curing {unknown}
 p - a potion of invisibility {unknown}
 z - a potion of might {unknown}
 A - a potion of degeneration {unknown}
 B - a potion of haste {unknown}
 E - a potion of brilliance {unknown}
 K - a potion of agility {unknown}
Comestibles
 g - 19 rations
 O - 3 chunks of flesh


   Skills:
 + Level 4.7 Fighting
 + Level 4.5(6.8) Short Blades
 + Level 8.0(8.6) Long Blades
 + Level 1.9 Throwing
 + Level 2.4 Armour
 + Level 4.0 Dodging
 + Level 11.2 Stealth
 + Level 2.7 Shields


You had 8 spell levels left.
You knew the following spells:

 Your Spells              Type           Power        Failure   Level  Hunger
a - Magic Dart            Conj           #...         88%         1    ##.....

Your spell library contained the following spells:

 Spells                   Type           Power        Failure   Level  Hunger
 Corona                   Hex            #......      88%         1    ##.....
 Summon Small Mammal      Summ           #...         88%         1    ##.....
 Call Imp                 Summ           #.......     96%         2    ###....
 Searing Ray              Conj           #.....       96%         2    ###....
 Slow                     Hex            #.......     96%         2    ###....
 Call Canine Familiar     Summ           #.......     99%         3    ####...
 Dazzling Spray           Conj/Hex       #.....       99%         3    ####...
 Inner Flame              Hex/Fire       #.......     99%         3    ####...
 Portal Projectile        Hex/Tloc       #.....       99%         3    ####...
 Summon Guardian Golem    Hex/Summ       #.......     99%         3    ####...
 Cause Fear               Hex            #.........   100%        4    #####..
 Force Lance              Conj/Tloc      #.......     100%        4    #####..
 Fulminant Prism          Conj/Hex       #.........   100%        4    #####..
 Iskenderun's Mystic Bla  Conj           #.......     100%        4    #####..
 Leda's Liquefaction      Hex/Erth       #.........   100%        4    #####..
 Summon Ice Beast         Ice/Summ       #.......     100%        4    #####..
 Summon Lightning Spire   Summ/Air       #.......     100%        4    #####..


Dungeon Overview and Level Annotations

Branches:
Dungeon (9/15)             Temple (1/1) D:4
   Lair: D:8-11         Orc: D:9-12

Altars:
Ashenzari
Cheibriados
Dithmenos
Elyvilon
Fedhas
Gozag
Hepliaklqana
Kikubaaqudgha
Makhleb
Nemelex Xobeh
Okawaru
Qazlal
Ru
Sif Muna
Trog
Uskayaw
Vehumet
Wu Jian
Xom
Yredelemnul
Zin
The Shining One

Annotations:
D:9 Erolcha


Innate Abilities, Weirdness & Mutations

You have razor-sharp teeth.
Your natural rate of healing is unusually fast.
When hurt, damage is shared between your health and your magic reserves.
Your bite disrupts and absorbs the magic of your enemies.
Potions cannot restore your health.
You are immune to rotting.
You have a pair of small antennae on your head.
You are partially covered in large bone plates. (SH +4)
Your spells are a little easier to cast, but a little less powerful.
You expend magic power (3 MP) to strengthen your wands.


Message History

You are too injured to fight recklessly!
You are too injured to fight recklessly!
You are too injured to fight recklessly!
You hit the steam dragon.
The steam dragon is severely wounded.
You are engulfed in a cloud of scalding steam.
You block the steam dragon's attack.
The steam dragon claws you but does no damage.
You slash the steam dragon!
You kill the steam dragon!
You are engulfed in a cloud of scalding steam.
* * * LOW HITPOINT WARNING * * *
An adder comes into view. x2
You see here a steam dragon corpse.
You completely miss the troll.
The adder hisses angrily.
Your bite misses the troll. You block the troll's attack. The troll claws you.
* * * LOW HITPOINT WARNING * * *
The troll claws you!
You die...

#..........
#..........
#..........
#####..S.......
...............
...............
#...T§.§....
#...@§......
#....§§.....
#........... .
#...........
...####S...#######
...........#
...........#
....####...########
... #..........#


You could see a troll and 2 adders.

Vanquished Creatures
  A two-headed ogre (D:9)
  Maurice (D:8)
  A hornet (D:8)
  Grinder (D:3)
  A steam dragon (D:9)
  2 soldier ants (D:8)
  2 sky beasts
  2 water moccasins
  3 ice beasts
  A black bear (D:8)
  2 ogres
  2 centaurs
  3 bullfrogs
  3 scorpions
  5 killer bees
  7 wights
  A crimson imp (D:5)
  6 hounds
  A bullfrog skeleton (D:2)
  2 orc priests
  Crazy Yiuf (D:2)
  2 jellies
  12 orc wizards
  A centaur skeleton (D:5)
  2 iguanas (D:8)
  Ijyb (D:3)
  8 worker ants
  A hound skeleton (D:5)
  A howler monkey zombie (D:7)
  A worker ant zombie (D:6)
  7 gnolls
  8 adders
  A shadow imp (D:8)
  2 oozes (D:2)
  An adder skeleton (D:4)
  2 worms
  2 dart slugs (D:1)
  3 leopard geckos
  33 orcs
  4 giant cockroaches
  9 goblins
  3 hobgoblins (D:1)
  7 jackals
  6 kobolds
  2 quokkas
  3 ball pythons
  8 bats
  4 frilled lizards
  A jackal zombie (D:5)
  2 leopard gecko skeletons (D:6)
  A leopard gecko zombie (D:5)
  2 quokka skeletons
  2 quokka zombies
  11 rats
  A fungus (D:2)
202 creatures vanquished.

Vanquished Creatures (others)
  A wight (D:9)
1 creature vanquished.

Grand Total: 203 creatures vanquished

Notes
Turn   | Place    | Note
-------+----------+-------------------------------------------
     0 | D:1      | Kairos the Vine Stalker Assassin began the quest for the
                  | Orb.
     0 | D:1      | Reached XP level 1. HP: 11/11 MP: 2/2
   147 | D:1      | Reached skill level 5 in Stealth
   189 | D:1      | Reached XP level 2. HP: 15/15 MP: 3/3
   727 | D:1      | Reached XP level 3. HP: 18/18 MP: 4/4
   958 | D:2      | Reached skill level 6 in Stealth
  1257 | D:2      | Reached skill level 1 in Dodging
  1257 | D:2      | Gained mutation: Your natural rate of healing is unusually
                  | fast. [Vine Stalker growth]
  1257 | D:2      | Reached XP level 4. HP: 6/23 MP: 5/5
  1536 | D:2      | Found a hazy altar of Hepliaklqana.
  1538 | D:2      | Found a white marble altar of Elyvilon.
  1538 | D:2      | Found a shattered altar of Ashenzari.
  1540 | D:2      | Found a shadowy altar of Dithmenos.
  1540 | D:2      | Found a burning altar of Makhleb.
  1871 | D:2      | Reached XP level 5. HP: 26/26 MP: 6/6
  2379 | D:2      | Found a runed translucent door.
  2380 | D:2      | Noticed Crazy Yiuf
  2387 | D:2      | Killed Crazy Yiuf
  2634 | D:3      | Noticed Grinder
  2642 | D:3      | Killed Grinder
  2642 | D:3      | Reached skill level 7 in Stealth
  2642 | D:3      | Reached XP level 6. HP: 27/32 MP: 4/7
  2859 | D:3      | Noticed Ijyb
  2863 | D:3      | Killed Ijyb
  2878 | D:3      | Found an opulent altar of Gozag.
  3120 | D:4      | Found a staircase to the Ecumenical Temple.
  3143 | D:4      | Reached skill level 8 in Stealth
  3143 | D:4      | Reached XP level 7. HP: 20/35 MP: 6/8
  3269 | D:4      | You fall through a shaft!
  3269 | D:5      | Entered Level 5 of the Dungeon
  3296 | D:4      | Found a deep blue altar of Sif Muna.
  3297 | D:4      | Found a radiant altar of Vehumet.
  3650 | D:4      | Got a crude long sword
  3651 | D:4      | Identified the +10 long sword "Kenapout" {pain, +Fly rN+
                  | Str+4} (You found it on level 4 of the Dungeon)
  3876 | D:5      | Reached skill level 1 in Long Blades
  3876 | D:5      | Gained mutation: You have razor-sharp teeth. [Vine Stalker
                  | growth]
  3876 | D:5      | Reached XP level 8. HP: 30/40 MP: 9/9
  3950 | D:5      | Reached skill level 9 in Stealth
  4010 | D:5      | Found the +0 pair of fencer's gloves {Riposte Dex+3}
  4796 | Temple   | Entered the Ecumenical Temple
  5103 | D:6      | Found a hide-covered altar of Uskayaw.
  5204 | D:6      | Became a worshipper of Uskayaw the Reveler
  5329 | D:6      | Reached * piety under Uskayaw
  5417 | D:6      | You fall through a shaft for 3 floors!
  5423 | D:9      | Reached ** piety under Uskayaw
  5484 | D:7      | Reached XP level 9. HP: 14/44 MP: 3/10
  5484 | D:7      | Reached *** piety under Uskayaw
  5506 | D:7      | Found a shimmering altar of Xom.
  5514 | D:7      | Reached skill level 5 in Long Blades
  6121 | D:7      | Reached skill level 10 in Stealth
  6411 | D:7      | Found a shimmering altar of Xom.
  6412 | D:7      | Found a shimmering altar of Xom.
  6637 | D:7      | Learned a level 1 spell: Magic Dart
  6809 | D:8      | Reached skill level 1 in Shields
  7012 | D:8      | Reached skill level 1 in Armour
  7109 | D:8      | Noticed Maurice
  7113 | D:8      | Reached **** piety under Uskayaw
  7117 | D:8      | Killed Maurice
  7117 | D:8      | Reached ***** piety under Uskayaw
  7274 | D:8      | Reached XP level 10. HP: 51/51 MP: 11/11
  7381 | D:8      | Paralysed by a hornet for 2 turns
  7478 | D:8      | Gained mutation: Scrolls take you a little longer to read.
                  | [potion of mutation]
  7478 | D:8      | Gained mutation: You are frail. (-10% HP) [potion of
                  | mutation]
  7478 | D:8      | Gained mutation: You have a pair of small antennae on your
                  | head. [potion of mutation]
  7479 | D:8      | Lost mutation: You are frail. (-10% HP) [potion of
                  | mutation]
  7479 | D:8      | Lost mutation: Scrolls take you a little longer to read.
                  | [potion of mutation]
  7479 | D:8      | Gained mutation: Your spells are a little easier to cast,
                  | but a little less powerful. [potion of mutation]
  7479 | D:8      | Gained mutation: You expend magic power (3 MP) to
                  | strengthen your wands. [potion of mutation]
  7479 | D:8      | Gained mutation: You evolve. [potion of mutation]
  7479 | D:8      | Gained mutation: You are partially covered in large bone
                  | plates. (SH +4) [potion of mutation]
  7513 | D:9      | Noticed Erolcha
  7528 | D:9      | Lost mutation: You evolve. [end of evolution]
  7602 | D:8      | Reached skill level 11 in Stealth
  7951 | D:9      | Noticed a two-headed ogre
  7964 | D:9      | Killed a two-headed ogre
  8009 | D:9      | Slain by a troll

Skill      XL: |  1  2  3  4  5  6  7  8  9 10 |
---------------+-------------------------------+-----
Stealth        | 5 6 7 8 9 10 11 | 11.2
Fighting       | 2 3 4 |  4.7
Short Blades   | 2 3 4 |  4.5
Dodging        | 1 2 3 4 |  4.0
Long Blades    | 1 4 7 8 |  8.0
Shields        | 1 2 |  2.7
Armour         | 1 2 |  2.4
Throwing       | |  1.9

Action                   |  1- 3 |  4- 6 |  7- 9 | 10-12 || total
-------------------------+-------+-------+-------+-------++-------
Melee: Dagger            |    74 |   158 |    57 |       ||   289
       Bite              |    17 |    62 |    99 |    22 ||   200
       Long sword        |       |       |   187 |    55 ||   242
  Use: Scroll            |     1 |       |       |     5 ||     6
       Potion            |       |       |       |     2 ||     2
 Stab: Sleeping          |     9 |    14 |    23 |     1 ||    47
       Distracted        |       |     1 |     3 |       ||     4
       Paralysed         |       |       |     2 |     6 ||     8
  Eat: Chunk             |       |     6 |    15 |     2 ||    23
Armor: Robe              |    19 |    39 |    33 |       ||    91
       Leather armour    |       |       |    11 |    18 ||    29
Dodge: Dodged            |    39 |    76 |   128 |    25 ||   268
Block: Shield            |       |       |    25 |    42 ||    67
       Rpst.: Long sword |       |       |    41 |    14 ||    55
